TOP OF THE 1ST |
Santa Fe Diablos batting - Pitching for Montgomery Biscuits : LHP Gonzalo Martínez
|
Pitching: LHP Gonzalo Martínez
|
|
Batting: RHB John Riley
|
0-0: Called Strike 0-1: Ball 1-1: Ball 2-1: Called Strike 2-2: Foul Ball, location: 2F 2-2: Strikes out swinging
|
Batting: RHB Lee Price
|
0-0: Ball 1-0: Foul Ball, location: 2F 1-1: Ball 2-1: Foul Ball, location: 2F 2-2: Ball 3-2: Foul Ball, location: 2F 3-2: Fly out, F4 (Popup, 4D)
|
Batting: RHB Roberto Zamora
|
0-0: Ball 1-0: Called Strike 1-1: Ball 2-1: Ball 3-1: Called Strike 3-2: Reached on error, E5 (Groundball, 5)
|
Batting: SHB António Hernández
|
0-0: Called Strike 0-1: Ball 1-1: Called Strike 1-2: Ball 2-2: Foul Ball, location: 2F 2-2: Ball 3-2: Base on Balls
|
Batting: RHB Ray Davis
|
0-0: Called Strike 0-1: Called Strike 0-2: Foul Ball, location: 2F 0-2: Ball 1-2: Ground out 6-3 (Groundball, 6)
|
Top of the 1st over - 0 run(s), 0 hit(s), 1 error(s), 2 left on base; Santa Fe 0 - Montgomery 0 |
BOTTOM OF THE 1ST |
Montgomery Biscuits batting - Pitching for Santa Fe Diablos : RHP Jeffrey King
|
Pitching: RHP Jeffrey King
|
|
Batting: RHB Juan Díaz
|
0-0: Called Strike 0-1: Ball 1-1: Ball 2-1: Ball 3-1: Base on Balls
|
Batting: SHB Andrew Curran
|
0-0: Ball 1-0: Called Strike 1-1: Foul Ball, location: 2F 1-2: Fly out, F8 (Flyball, 8LM)
|
Batting: RHB Yujiro Kurihara
|
0-0: Called Strike 0-1: Ball 1-1: Ball Juan Díaz steals 2nd base 2-1: Ball Wild Pitch! Juan Díaz to third 3-1: Foul Ball, location: 2F 3-2: Fly out, F7 (Line Drive, 78M) Runner from 3rd tags up, SCORES, no throw
|
Batting: SHB Terry O'Farrell
|
0-0: Ground out 4-3 (Groundball, 4)
|
Bottom of the 1st over - 1 run(s), 0 hit(s), 0 error(s), 0 left on base; Santa Fe 0 - Montgomery 1 |
TOP OF THE 2ND |
Santa Fe Diablos batting - Pitching for Montgomery Biscuits : LHP Gonzalo Martínez
|
Batting: LHB Gary Kern
|
0-0: Foul Ball, location: 2F 0-1: Ball 1-1: Called Strike 1-2: Ball 2-2: Ball 3-2: Base on Balls
|
Batting: SHB Ángel Díaz
|
0-0: Ball 1-0: Called Strike 1-1: Ball 2-1: Called Strike 2-2: Foul Ball, location: 2F 2-2: Strikes out swinging
|
Batting: RHB Fernando Garza
|
0-0: SINGLE (Flyball, 8LS) Gary Kern to second Runner from 2nd tries for 3rd, OUT!
|
Batting: RHB Keith Jones
|
0-0: Ball 1-0: Called Strike 1-1: Ball 2-1: Ball 3-1: Called Strike 3-2: SINGLE (Line Drive, 89M) Fernando Garza to second Fernando Garza to third
|
Batting: RHB John Riley
|
0-0: Ball 1-0: Ball 2-0: Ball 3-0: Base on Balls Keith Jones to second
|
Batting: RHB Lee Price
|
0-0: Swinging Strike 0-1: Foul Ball, location: 2F 0-2: Ball 1-2: Ball 2-2: Foul Ball, location: 2F 2-2: Ball 3-2: Strikes out swinging
|
Top of the 2nd over - 0 run(s), 2 hit(s), 0 error(s), 3 left on base; Santa Fe 0 - Montgomery 1 |
BOTTOM OF THE 2ND |
Montgomery Biscuits batting - Pitching for Santa Fe Diablos : RHP Jeffrey King
|
Batting: LHB José Martínez
|
0-0: Called Strike 0-1: Ball 1-1: DOUBLE (Line Drive, 9LM)
|
Batting: RHB Dave Dawson
|
0-0: Ground out 6-3 (Groundball, 6S) José Martínez to third
|
Batting: LHB Curt Causton
|
0-0: Called Strike 0-1: Called Strike 0-2: Strikes out swinging
|
Batting: RHB Pete Smith
|
0-0: Called Strike 0-1: Ground out 6-3 (Groundball, 6M)
|
Bottom of the 2nd over - 0 run(s), 1 hit(s), 0 error(s), 1 left on base; Santa Fe 0 - Montgomery 1 |
TOP OF THE 3RD |
Santa Fe Diablos batting - Pitching for Montgomery Biscuits : LHP Gonzalo Martínez
|
Batting: RHB Roberto Zamora
|
0-0: Foul Ball, location: 2F 0-1: Ball 1-1: Foul Ball, location: 2F 1-2: Ball 2-2: Ball 3-2: Foul Ball, location: 2F 3-2: SINGLE (Groundball, 5D)
|
Batting: SHB António Hernández
|
0-0: Called Strike 0-1: Called Strike 0-2: Ball 1-2: Ball Wild Pitch! Roberto Zamora to second 2-2: Ground out 4-3 (Groundball, 4) Roberto Zamora to third
|
Batting: RHB Ray Davis
|
0-0: Called Strike 0-1: Foul Ball, location: 2F 0-2: Foul Ball, location: 2F 0-2: SINGLE (Groundball, 56D) Roberto Zamora scores
|
Batting: LHB Gary Kern
|
0-0: Called Strike 0-1: Ball 1-1: Foul Ball, location: 2F 1-2: Ball 2-2: Ball 3-2: DOUBLE (Flyball, 8LM) Ray Davis to third
|
Batting: SHB Ángel Díaz
|
0-0: Called Strike 0-1: Fly out, F8 (Flyball, 8LD) Runner from 3rd tags up, SCORES, no throw
|
Batting: RHB Fernando Garza
|
0-0: Called Strike 0-1: Ball 1-1: Ball 2-1: Ball 3-1: Foul Ball, location: 2F 3-2: Strikes out swinging
|
Top of the 3rd over - 2 run(s), 3 hit(s), 0 error(s), 1 left on base; Santa Fe 2 - Montgomery 1 |
BOTTOM OF THE 3RD |
Montgomery Biscuits batting - Pitching for Santa Fe Diablos : RHP Jeffrey King
|
Batting: RHB Peyton Yardley
|
0-0: Called Strike 0-1: Called Strike 0-2: Foul Ball, location: 2F 0-2: Ball 1-2: Ball 2-2: Ball 3-2: Ground out 1-3 (Groundball, 15)
|
Batting: RHB Juan Díaz
|
0-0: Ball 1-0: Ball 2-0: Ball 3-0: Base on Balls
|
Batting: SHB Andrew Curran
|
0-0: Ball 1-0: Ball 2-0: Foul Ball, location: 2F 2-1: Called Strike Juan Díaz is caught stealing 2nd base 2-2: Ball 3-2: Foul Ball, location: 2F 3-2: Base on Balls
|
Batting: RHB Yujiro Kurihara
|
0-0: Ball 1-0: Fly out, F8 (Flyball, 8RM)
|
Bottom of the 3rd over - 0 run(s), 0 hit(s), 0 error(s), 1 left on base; Santa Fe 2 - Montgomery 1 |
TOP OF THE 4TH |
Santa Fe Diablos batting - Pitching for Montgomery Biscuits : LHP Gonzalo Martínez
|
Batting: RHB Keith Jones
|
0-0: Ball 1-0: Ball 2-0: Ball 3-0: Called Strike 3-1: Base on Balls
|
Pitching: RHP Jorge Villalobos
|
|
Batting: RHB John Riley
|
0-0: Ball 1-0: Called Strike 1-1: Ball 2-1: Ball 3-1: Foul Ball, location: 2F 3-2: Foul Ball, location: 2F 3-2: Foul Ball, location: 2F 3-2: Grounds into double play, 6-4-3 (Groundball, 6M)
|
Batting: RHB Lee Price
|
0-0: Fly out, F9 (Flyball, 9LS)
|
Top of the 4th over - 0 run(s), 0 hit(s), 0 error(s), 0 left on base; Santa Fe 2 - Montgomery 1 |
BOTTOM OF THE 4TH |
Montgomery Biscuits batting - Pitching for Santa Fe Diablos : RHP Jeffrey King
|
Batting: SHB Terry O'Farrell
|
0-0: Ball 1-0: Ball 2-0: Called Strike 2-1: Ball 3-1: Fly out, F3 (Popup, 3S)
|
Batting: LHB José Martínez
|
0-0: Ball 1-0: Called Strike 1-1: Ball 2-1: Ground out 5-3 (Groundball, 5S)
|
Batting: RHB Dave Dawson
|
0-0: Swinging Strike 0-1: Swinging Strike 0-2: Ball 1-2: Ball 2-2: Ball 3-2: Strikes out swinging
|
Bottom of the 4th over - 0 run(s), 0 hit(s), 0 error(s), 0 left on base; Santa Fe 2 - Montgomery 1 |
TOP OF THE 5TH |
Santa Fe Diablos batting - Pitching for Montgomery Biscuits : RHP Jorge Villalobos
|
Batting: RHB Roberto Zamora
|
0-0: Foul Ball, location: 2F 0-1: Called Strike 0-2: Ball 1-2: Ball 2-2: Strikes out swinging
|
Batting: SHB António Hernández
|
0-0: Called Strike 0-1: Foul Ball, location: 2F 0-2: Ball 1-2: SINGLE (Line Drive, 6)
|
Batting: RHB Ray Davis
|
0-0: Ball 1-0: Ball 2-0: Foul Ball, location: 2F 2-1: Swinging Strike 2-2: Strikes out swinging
|
Batting: LHB Gary Kern
|
0-0: Swinging Strike 0-1: Ball 1-1: Ball 2-1: Swinging Strike 2-2: Strikes out looking
|
Top of the 5th over - 0 run(s), 1 hit(s), 0 error(s), 1 left on base; Santa Fe 2 - Montgomery 1 |
BOTTOM OF THE 5TH |
Montgomery Biscuits batting - Pitching for Santa Fe Diablos : RHP Jeffrey King
|
Batting: LHB Curt Causton
|
0-0: Called Strike 0-1: Foul Ball, location: 2F 0-2: Ground out 4-3 (Groundball, 34)
|
Batting: RHB Pete Smith
|
0-0: Ball 1-0: Ball 2-0: Called Strike 2-1: Foul Ball, location: 2F 2-2: Ball 3-2: Strikes out looking
|
Batting: RHB Peyton Yardley
|
0-0: Foul Ball, location: 2F 0-1: Fly out, F6 (Popup, 56D)
|
Bottom of the 5th over - 0 run(s), 0 hit(s), 0 error(s), 0 left on base; Santa Fe 2 - Montgomery 1 |
TOP OF THE 6TH |
Santa Fe Diablos batting - Pitching for Montgomery Biscuits : RHP Jorge Villalobos
|
Batting: SHB Ángel Díaz
|
0-0: Ball 1-0: Ball 2-0: Ball 3-0: Base on Balls
|
Batting: RHB Fernando Garza
|
0-0: Ball 1-0: Ball 2-0: Called Strike 2-1: Called Strike 2-2: Foul Ball, location: 2F 2-2: Fly out, F8 (Flyball, 8RM)
|
Batting: RHB Keith Jones
|
0-0: Ball 1-0: Called Strike 1-1: Foul Ball, location: 2F 1-2: Strikes out swinging
|
Batting: RHB John Riley
|
0-0: Called Strike 0-1: Called Strike 0-2: Ground out 5-3 (Groundball, 56)
|
Top of the 6th over - 0 run(s), 0 hit(s), 0 error(s), 1 left on base; Santa Fe 2 - Montgomery 1 |
BOTTOM OF THE 6TH |
Montgomery Biscuits batting - Pitching for Santa Fe Diablos : RHP Jeffrey King
|
Batting: RHB Juan Díaz
|
0-0: Swinging Strike 0-1: Foul Ball, location: 2F 0-2: Ball 1-2: DOUBLE (Groundball, 5L)
|
Batting: SHB Andrew Curran
|
0-0: Foul Ball, location: 2F 0-1: Ball 1-1: Called Strike 1-2: Ball 2-2: Ball 3-2: Fly out, F9 (Flyball, 89M)
|
Batting: RHB Yujiro Kurihara
|
0-0: Ball 1-0: Foul Ball, location: 2F 1-1: Foul Ball, location: 2F 1-2: Strikes out looking
|
Batting: SHB Terry O'Farrell
|
0-0: Ball 1-0: Ground out 3-1 (Groundball, 34)
|
Bottom of the 6th over - 0 run(s), 1 hit(s), 0 error(s), 1 left on base; Santa Fe 2 - Montgomery 1 |
TOP OF THE 7TH |
Santa Fe Diablos batting - Pitching for Montgomery Biscuits : RHP Jorge Villalobos
|
Pitching: RHP Esteban Alfonzo
|
|
Batting: RHB Lee Price
|
0-0: Called Strike 0-1: Ball 1-1: Called Strike 1-2: Ball 2-2: Ground out 5-3 (Groundball, 5)
|
Batting: RHB Roberto Zamora
|
0-0: Ball 1-0: Called Strike 1-1: Ball 2-1: Foul Ball, location: 2F 2-2: Strikes out swinging
|
Batting: SHB António Hernández
|
0-0: Called Strike 0-1: Foul Ball, location: 2F 0-2: Ball 1-2: Strikes out swinging
|
Top of the 7th over - 0 run(s), 0 hit(s), 0 error(s), 0 left on base; Santa Fe 2 - Montgomery 1 |
BOTTOM OF THE 7TH |
Montgomery Biscuits batting - Pitching for Santa Fe Diablos : RHP Jeffrey King
|
Batting: LHB José Martínez
|
0-0: Ball 1-0: Fly out, F7 (Flyball, 78M)
|
Batting: RHB Dave Dawson
|
0-0: Called Strike 0-1: Ground out 1-3 (Groundball, 23)
|
Batting: LHB Curt Causton
|
0-0: Called Strike 0-1: Ball 1-1: Swinging Strike 1-2: Ball 2-2: SOLO HOME RUN (Flyball, 89XD), Distance : 397 ft
|
Pinch Hitting: LHB Curt Walker
|
0-0: Ball 1-0: Ball 2-0: Foul Ball, location: 2F 2-1: Called Strike 2-2: Ball 3-2: Strikes out swinging
|
Bottom of the 7th over - 1 run(s), 1 hit(s), 0 error(s), 0 left on base; Santa Fe 2 - Montgomery 2 |
TOP OF THE 8TH |
Santa Fe Diablos batting - Pitching for Montgomery Biscuits : RHP Esteban Alfonzo
|
Now in RF: Curt Walker
|
|
Pinch Hitting: LHB Don Soper
|
0-0: Called Strike 0-1: Foul Ball, location: 2F 0-2: Ball 1-2: Foul Ball, location: 2F 1-2: Ball 2-2: Ball 3-2: Foul Ball, location: 2F 3-2: Base on Balls
|
Pinch Runner at 1st Emiel van Rhee:
|
|
Batting: LHB Gary Kern
|
0-0: Ball 1-0: Ball 2-0: Sac Bunt - play at first, batter OUT! 1-4 Emiel van Rhee to second
|
Pinch Hitting: LHB John Nicholson
|
0-0: Intentional Walk
|
Batting: RHB Fernando Garza
|
0-0: Called Strike Emiel van Rhee steals 3rd base John Nicholson to second 0-1: Ball 1-1: Foul Ball, location: 2F 1-2: Ball 2-2: Foul Ball, location: 2F 2-2: Foul Ball, location: 2F 2-2: Ball 3-2: Strikes out swinging
|
Pinch Hitting: SHB Scott Compton
|
0-0: Called Strike 0-1: Swinging Strike 0-2: Fly out, F9 (Line Drive, 9D)
|
Top of the 8th over - 0 run(s), 0 hit(s), 0 error(s), 2 left on base; Santa Fe 2 - Montgomery 2 |
BOTTOM OF THE 8TH |
Montgomery Biscuits batting - Pitching for Santa Fe Diablos : RHP Jeffrey King
|
Pitching: LHP Daniel Draper
|
|
Now at 1B: Scott Compton
|
|
Now in LF: John Nicholson
|
|
Now in CF: Emiel van Rhee
|
|
Batting: RHB Peyton Yardley
|
0-0: Called Strike 0-1: Fly out, F3 (Popup, 4S)
|
Batting: RHB Juan Díaz
|
0-0: Called Strike 0-1: Ball 1-1: Swinging Strike 1-2: Strikes out swinging
|
Batting: SHB Andrew Curran
|
0-0: SINGLE (Flyball, 78M)
|
Batting: RHB Yujiro Kurihara
|
0-0: Swinging Strike 0-1: Ball 1-1: Ball 2-1: Fly out, F8 (Flyball, 78XD)
|
Bottom of the 8th over - 0 run(s), 1 hit(s), 0 error(s), 1 left on base; Santa Fe 2 - Montgomery 2 |
TOP OF THE 9TH |
Santa Fe Diablos batting - Pitching for Montgomery Biscuits : RHP Esteban Alfonzo
|
Pitching: LHP Steve Billington
|
|
Batting: RHB John Riley
|
0-0: Ball 1-0: Ball 2-0: Ball 3-0: Called Strike 3-1: Swinging Strike 3-2: Base on Balls
|
Batting: RHB Lee Price
|
0-0: Sac Bunt - play at first, batter OUT! 1-4 John Riley to second
|
Batting: RHB Roberto Zamora
|
0-0: Ball 1-0: Called Strike 1-1: Ball 2-1: Called Strike 2-2: Ball 3-2: Strikes out swinging
|
Batting: SHB António Hernández
|
0-0: Ball 1-0: Ball 2-0: Ball 3-0: Base on Balls
|
Pinch Hitting: RHB Joe Haley
|
0-0: Ball 1-0: Swinging Strike 1-1: Foul Ball, location: 2F 1-2: Strikes out swinging
|
Top of the 9th over - 0 run(s), 0 hit(s), 0 error(s), 2 left on base; Santa Fe 2 - Montgomery 2 |
BOTTOM OF THE 9TH |
Montgomery Biscuits batting - Pitching for Santa Fe Diablos : LHP Daniel Draper
|
Now at 3B: Joe Haley
|
|
Batting: SHB Terry O'Farrell
|
0-0: Called Strike 0-1: Called Strike 0-2: Ball 1-2: Strikes out swinging
|
Batting: LHB José Martínez
|
0-0: Ball 1-0: Fly out, F8 (Line Drive, 8RS)
|
Batting: RHB Dave Dawson
|
0-0: Called Strike 0-1: Foul Ball, location: 2F 0-2: Ball 1-2: Ground out 4-3 (Groundball, 4M)
|
Bottom of the 9th over - 0 run(s), 0 hit(s), 0 error(s), 0 left on base; Santa Fe 2 - Montgomery 2 |
TOP OF THE 10TH |
Santa Fe Diablos batting - Pitching for Montgomery Biscuits : LHP Steve Billington
|
Pinch Hitting: RHB Tim Adkins
|
0-0: Ball 1-0: Called Strike 1-1: Foul Ball, location: 2F 1-2: Foul Ball, location: 2F 1-2: Strikes out swinging
|
Batting: LHB John Nicholson
|
0-0: Ball 1-0: Ball 2-0: Called Strike 2-1: Foul Ball, location: 2F 2-2: Ball 3-2: Foul Ball, location: 2F 3-2: Fly out, F8 (Flyball, 8RM)
|
Batting: RHB Fernando Garza
|
0-0: Foul Ball, location: 2F 0-1: Foul Ball, location: 2F 0-2: Ball 1-2: Foul Ball, location: 2F 1-2: Strikes out looking
|
Top of the 10th over - 0 run(s), 0 hit(s), 0 error(s), 0 left on base; Santa Fe 2 - Montgomery 2 |
BOTTOM OF THE 10TH |
Montgomery Biscuits batting - Pitching for Santa Fe Diablos : LHP Daniel Draper
|
Now in CF: Richard Pendergast
|
|
Pinch Hitting: RHB Warren Martin
|
0-0: Ball 1-0: Ball 2-0: SINGLE (Line Drive, 7LS)
|
Pinch Hitting: RHB Carlos Vásquez
|
0-0: Called Strike 0-1: Ball 1-1: Ball 2-1: Called Strike 2-2: Ball Warren Martin steals 2nd base 3-2: Strikes out swinging
|
Batting: RHB Peyton Yardley
|
0-0: Ball 1-0: Foul Ball, location: 2F 1-1: Foul Ball, location: 2F 1-2: Foul Ball, location: 2F 1-2: Strikes out swinging
|
Batting: RHB Juan Díaz
|
0-0: Ball Wild Pitch! Warren Martin to third 1-0: Foul Ball, location: 2F 1-1: Foul Ball, location: 2F 1-2: Strikes out swinging
|
Bottom of the 10th over - 0 run(s), 1 hit(s), 0 error(s), 1 left on base; Santa Fe 2 - Montgomery 2 |
TOP OF THE 11TH |
Santa Fe Diablos batting - Pitching for Montgomery Biscuits : LHP Steve Billington
|
Now at C: Tony Echevarría
|
|
Now in RF: Warren Martin
|
|
Batting: SHB Scott Compton
|
0-0: Called Strike 0-1: Called Strike 0-2: Foul Ball, location: 2F 0-2: Ball 1-2: Fly out, F1 (Popup, 15)
|
Batting: RHB John Riley
|
0-0: Swinging Strike 0-1: Ball 1-1: Ball 2-1: Swinging Strike 2-2: Strikes out swinging
|
Batting: RHB Lee Price
|
0-0: Called Strike 0-1: Ball 1-1: Ball 2-1: Called Strike 2-2: Foul Ball, location: 2F 2-2: Strikes out looking
|
Top of the 11th over - 0 run(s), 0 hit(s), 0 error(s), 0 left on base; Santa Fe 2 - Montgomery 2 |
BOTTOM OF THE 11TH |
Montgomery Biscuits batting - Pitching for Santa Fe Diablos : LHP Daniel Draper
|
Batting: SHB Andrew Curran
|
0-0: Ball 1-0: Fly out, F7 (Line Drive, 78S)
|
Batting: RHB Yujiro Kurihara
|
0-0: Ball 1-0: Ball 2-0: Swinging Strike 2-1: Ball 3-1: Foul Ball, location: 2F 3-2: Base on Balls
|
Batting: SHB Terry O'Farrell
|
0-0: Ball 1-0: Ball 2-0: Called Strike 2-1: SINGLE (Line Drive, 56D) Yujiro Kurihara to second
|
Pitching: RHP Kenshin Kubota
|
|
Batting: LHB José Martínez
|
0-0: Swinging Strike 0-1: Ball 1-1: Ball 2-1: Ball 3-1: Swinging Strike 3-2: Fly out, F2 (Popup, 2RF)
|
Batting: RHB Dave Dawson
|
0-0: Called Strike 0-1: Fly out, F8 (Flyball, 8RD)
|
Bottom of the 11th over - 0 run(s), 1 hit(s), 0 error(s), 2 left on base; Santa Fe 2 - Montgomery 2 |
TOP OF THE 12TH |
Santa Fe Diablos batting - Pitching for Montgomery Biscuits : LHP Steve Billington
|
Batting: RHB Roberto Zamora
|
0-0: Ball 1-0: Swinging Strike 1-1: Called Strike 1-2: Ball 2-2: Ball 3-2: Fly out, F8 (Flyball, 8RD)
|
Pitching: LHP Trevor Nichols
|
|
Batting: SHB António Hernández
|
0-0: Called Strike 0-1: Ball 1-1: Ball 2-1: Called Strike 2-2: Foul Ball, location: 2F 2-2: Strikes out looking
|
Batting: RHB Joe Haley
|
0-0: Called Strike 0-1: Swinging Strike 0-2: Foul Ball, location: 2F 0-2: Ball 1-2: Foul Ball, location: 2F 1-2: Strikes out swinging
|
Top of the 12th over - 0 run(s), 0 hit(s), 0 error(s), 0 left on base; Santa Fe 2 - Montgomery 2 |
BOTTOM OF THE 12TH |
Montgomery Biscuits batting - Pitching for Santa Fe Diablos : RHP Kenshin Kubota
|
Batting: RHB Warren Martin
|
0-0: Ground out 5-3 (Groundball, 5S)
|
Batting: SHB Tony Echevarría
|
0-0: SINGLE (Groundball, 6MD)
|
Pinch Hitting: SHB Orlando Aguilar
|
0-0: Called Strike 0-1: Called Strike 0-2: Grounds into double play, 5-4-3 (Groundball, 5L)
|
Bottom of the 12th over - 0 run(s), 1 hit(s), 0 error(s), 0 left on base; Santa Fe 2 - Montgomery 2 |
TOP OF THE 13TH |
Santa Fe Diablos batting - Pitching for Montgomery Biscuits : LHP Trevor Nichols
|
Now in LF: Brian MacIntosh
|
|
Batting: RHB Richard Pendergast
|
0-0: Ball 1-0: Swinging Strike 1-1: Swinging Strike 1-2: Strikes out swinging
|
Batting: LHB John Nicholson
|
0-0: Ball 1-0: Fly out, F8 (Line Drive, 8RM)
|
Batting: RHB Fernando Garza
|
0-0: Ball 1-0: Called Strike 1-1: Swinging Strike 1-2: Strikes out swinging
|
Top of the 13th over - 0 run(s), 0 hit(s), 0 error(s), 0 left on base; Santa Fe 2 - Montgomery 2 |
BOTTOM OF THE 13TH |
Montgomery Biscuits batting - Pitching for Santa Fe Diablos : RHP Kenshin Kubota
|
Batting: RHB Juan Díaz
|
0-0: Called Strike 0-1: Foul Ball, location: 2F 0-2: Strikes out looking
|
Pitching: RHP Raúl Gómez
|
|
Batting: SHB Andrew Curran
|
0-0: Ball 1-0: SINGLE (Groundball, 34D) (infield hit)
|
Batting: RHB Yujiro Kurihara
|
0-0: Called Strike 0-1: Ball 1-1: Swinging Strike 1-2: Strikes out swinging
|
Batting: SHB Terry O'Farrell
|
0-0: Called Strike 0-1: Ball 1-1: Ball 2-1: Foul Ball, location: 2F 2-2: Foul Ball, location: 2F 2-2: Ground out U3 (Groundball, 3L)
|
Bottom of the 13th over - 0 run(s), 1 hit(s), 0 error(s), 1 left on base; Santa Fe 2 - Montgomery 2 |
TOP OF THE 14TH |
Santa Fe Diablos batting - Pitching for Montgomery Biscuits : LHP Trevor Nichols
|
Batting: SHB Scott Compton
|
0-0: Ground out 6-3 (Groundball, 6)
|
Batting: RHB John Riley
|
0-0: Ball 1-0: Swinging Strike 1-1: Ball 2-1: Ball 3-1: Foul Ball, location: 2F 3-2: Strikes out looking
|
Batting: RHB Lee Price
|
0-0: Ball 1-0: Ball 2-0: Called Strike 2-1: Foul Ball, location: 2F 2-2: Foul Ball, location: 2F 2-2: Foul Ball, location: 2F 2-2: Foul Ball, location: 2F 2-2: Strikes out looking
|
Top of the 14th over - 0 run(s), 0 hit(s), 0 error(s), 0 left on base; Santa Fe 2 - Montgomery 2 |
BOTTOM OF THE 14TH |
Montgomery Biscuits batting - Pitching for Santa Fe Diablos : RHP Raúl Gómez
|
Batting: LHB José Martínez
|
0-0: Foul Ball, location: 2F 0-1: Ball 1-1: SOLO HOME RUN (Flyball, 89XD), Distance : 394 ft
|
|